AoeStats
← Lord_Wilfredo

Arena

509581749Analyzed
4v4 RM · 4d ago on Sep 27, 2026· 38m 1s· 8 players
Game mode
Random Map
Map size
Large (8 player)
Population
200
Speed
Normal
Resources
Standard
Victory
Conquest
Starting age
Dark Age
Ending age
Imperial Age
RankedLock teamsTeams togetherTeam positionsShared explorationLock speedFull tech treeHidden civsTurbo modeCheats
Victory
Defeat
🇦🇷 Franks · Argentina
1296
+15
🇲🇽 Khmer · Mexico
1251
+17
🇲🇽 Saxons · Mexico
1246
+17
🇭🇰 Danes · Hong Kong SAR China
1237
+18
🇫🇷 Berbers · France
1335
-18
🇫🇷 Vikings · France
1274
-17
🇩🇪 Persians · Germany
1257
-16
🇦🇷 Khmer · Argentina
1249
-16
Demshredz
11:09 Feudal Age
14:53 Castle Age
12:37 Horse Collar
15:40 Heavy Plow
18:02 Loom
20:10 Double-Bit Axe
20:42 Stone Mining
22:20 Bloodlines
22:16 Husbandry
23:46 Scale Barding Armor
24:07 Gold Mining
25:26 Forging
25:44 Chain Barding Armor
27:41 Iron Casting
27:54 Gold Shaft Mining
30:28 Kamandaran
30:21 Fletching
34:30 Imperial Age
32:37 Wheelbarrow
31:51 Crossbowman
33:23 Ballistics
33:42 Pikeman
34:22 Squires
34:08 Arson
36:29 Conscription
36:47 Plate Barding Armor
37:14 Blast Furnace
36:37 Hand Cart
35:45 Cavalier
35:56 Halberdier
Le Miel Jospin
9:59 Feudal Age
14:10 Castle Age
13:02 Double-Bit Axe
12:59 Horse Collar
15:38 Bow Saw
20:52 Gold Mining
22:14 Scale Barding Armor
22:40 Bloodlines
24:22 Forging
25:24 Gold Shaft Mining
26:00 Iron Casting
25:25 Loom
26:23 Wheelbarrow
26:39 Fortified Wall
27:09 Chain Barding Armor
27:25 Fletching
28:05 Husbandry
28:15 Bodkin Arrow
30:10 Padded Archer Armor
32:46 Leather Archer Armor
35:10 Imperial Age
33:43 Ballistics
35:23 Cavalier
36:27 Bracer
Elfufu
10:43 Feudal Age
15:59 Castle Age
14:00 Double-Bit Axe
15:27 Loom
31:28 Horse Collar
36:24 Gold Mining
Braian
10:04 Feudal Age
13:22 Castle Age
12:04 Double-Bit Axe
12:07 Horse Collar
13:37 Loom
CTM | FullChow
8:26 Loom
11:14 Feudal Age
9:31 Loom
14:27 Castle Age
12:45 Double-Bit Axe
14:05 Horse Collar
14:54 Bloodlines
14:32 Light Cavalry
16:08 Scale Barding Armor
18:23 Heavy Plow
19:34 Gold Mining
26:40 Chain Barding Armor
31:43 Loom
32:56 Wheelbarrow
33:40 Forging
39:07 Gold Shaft Mining
38:22 Stone Mining
hamu
10:25 Feudal Age
12:34 Double-Bit Axe
15:11 Castle Age
13:46 Scale Mail Armor
16:17 Bow Saw
23:16 Horse Collar
23:26 Gambesons
23:41 Squires
36:21 Wheelbarrow
Lord_Wilfredo
10:14 Feudal Age
13:59 Castle Age
11:58 Double-Bit Axe
15:41 Bow Saw
17:12 Loom
24:19 Wheelbarrow
25:04 Scale Barding Armor
25:13 Forging
27:47 Imperial Age
26:12 Hand Cart
26:26 Chain Barding Armor
27:30 Iron Casting
26:46 Town Watch
27:52 Cavalier
28:32 Husbandry
29:11 Plate Barding Armor
29:45 Paladin
32:09 Blast Furnace
32:23 Conscription
33:09 Chemistry
35:03 Gold Mining
35:31 Capped Ram
37:54 Chivalry
39:13 Gold Shaft Mining
38:29 Stone Mining
joeip
9:04 Loom
10:49 Feudal Age
15:05 Castle Age
14:03 Double-Bit Axe
14:11 Gold Mining
17:25 Fletching
20:18 Scale Mail Armor
22:30 Forging
29:00 Horse Collar
30:49 Hamask
32:28 Wheelbarrow
36:05 Chain Mail Armor
36:41 Hand Cart
36:11 Town Watch
Connection lost

Rejoining the realm…

Still unreachable

The connection could not be restored.

Session expired

The server has moved on; the page needs a fresh start.